 Dungeon Crawl Stone Soup version 0.24-a0-630-g0d56a851f4 (webtiles) character file.

Game seed: 95247284668095314, levelgen mode: deterministic

7700 Erlindor the Fighter (level 11, 0/73 HPs)
             Began as a Vampire Assassin on Sept 19, 2019.
             Was a Believer of Dithmenos.
             Slain by a yak (13 damage)
             ... on level 8 of the Dungeon on Sept 20, 2019.
             The game lasted 00:54:40 (13002 turns).

Erlindor the Fighter (Vampire Assassin)            Turns: 13002, Time: 00:54:41

Health: 0/73       AC:  9    Str:  9 (10) XL:     11   Next: 0%
Magic:  11/11      EV: 12    Int: 13 (15) God:    Dithmenos [**....]
Gold:   412        SH:  9    Dex: 18      Spells: 10/10 levels left

rFire    + . .     SeeInvis +   a - +3 dagger
rCold    + + +     Gourm    .   w - +0 shield
rNeg     + + +     Faith    .   u - +0 leather armour {rC+}
rPois    ∞         Spirit   .   (no helmet)
rElec    .         Reflect  .   c - +1 cloak
rCorr    .         Harm     .   l - +2 pair of gloves
MR       +....                  (no boots)
Stlth    ++++++++..             (no amulet)
HPRegen  0.00/turn              t - ring of wizardry
MPRegen  0.12/turn              m - ring of protection from fire

@: bloodless, regenerating quickly, wreathed by umbra
A: no food, fangs 3, see invisible, unbreathing
a: Bat Form, Revivify, Shadow Step, Renounce Religion


You were on level 8 of the Dungeon.
You worshipped Dithmenos.
Dithmenos was pleased with you.
You were bloodless.

You visited 2 branches of the dungeon, and saw 11 of its levels.

You collected 412 gold pieces.

Inventory:

Hand Weapons
 a - a +3 dagger (weapon)
 r - a +0 spear of flaming
Missiles
 e - a curare-tipped dart (quivered)
Armour
 c - a +1 cloak (worn)
 l - a +2 pair of gloves (worn)
 u - a +0 leather armour of cold resistance (worn)
 w - a +0 shield (worn)
 y - the +8 orange crystal plate armour {Archmagi, Int+3 Clar}
   (You found it on level 5 of the Dungeon)

   It affects your intelligence (+3).
   It protects you against confusion.
Magical Staves
 p - an uncursed staff of earth {unknown}
Jewellery
 g - an uncursed amulet of faith
 k - an uncursed amulet of regeneration
 m - a ring of protection from fire (right hand)
 t - a ring of wizardry (left hand)
Wands
 d - a wand of paralysis (14)
 C - a wand of digging (3)
 D - a wand of flame (13)
 G - a wand of iceblast (8)
Scrolls
 f - 2 scrolls of identify
 i - a scroll of magic mapping
 j - 2 scrolls of enchant armour
 B - a scroll of enchant weapon
Potions
 s - a potion of resistance {unknown}
 v - a potion of mutation {unknown}
 z - a potion of magic {unknown}
 A - a potion of ambrosia {unknown}
 E - a potion of agility {unknown}


   Skills:
 * Level 10.9 Fighting
 + Level 6.6 Short Blades
 - Level 1.5 Throwing
 + Level 5.8 Armour
 - Level 4.0 Dodging
 - Level 9.0 Stealth
 - Level 5.0 Shields


You had 10 spell levels left.
You didn't know any spells.
Your spell library contained the following spells:

 Spells                   Type           Power        Failure   Level  Hunger
 Beastly Appendage        Tmut           #.....       50%         1    N/A
 Corona                   Hex            #......      50%         1    N/A
 Ensorcelled Hibernation  Hex/Ice        #.....       63%         2    N/A
 Sticks to Snakes         Tmut           #.......     63%         2    N/A
 Confuse                  Hex            #.......     85%         3    N/A
 Dazzling Spray           Conj/Hex       #.....       85%         3    N/A
 Spider Form              Tmut/Pois      #.........   85%         3    N/A
 Tukima's Dance           Hex            #.......     85%         3    N/A
 Ice Form                 Ice/Tmut       #.......     99%         4    N/A
 Blade Hands              Tmut           #.........   100%        5    N/A

Dungeon Overview and Level Annotations

Branches:
Dungeon (10/15)            Temple (1/1) D:5
   Lair: D:8-11         Orc: D:9-12

Altars:
Ashenzari
Cheibriados
Dithmenos
Elyvilon
Fedhas
Gozag
Hepliaklqana
Kikubaaqudgha
Makhleb
Nemelex Xobeh
Okawaru
Qazlal
Ru
Sif Muna
Trog
Uskayaw
Vehumet
Wu Jian
Xom
Yredelemnul
Zin
The Shining One

Shops:
D:8 (

Annotations:
D:5 2 transporters
D:9 Gastronok


Innate Abilities, Weirdness & Mutations

You do not eat.
You do not regenerate when monsters are visible.
You are frail without blood (-20% HP).
You are immune to poison.
You have razor-sharp teeth.
You have supernaturally acute eyesight. (SInv)
You can survive without breathing.


Message History

The yak is heavily wounded.
The yak is no longer blind.
The yak gores you but does no damage.
You closely miss the yak.
The yak is heavily wounded.
You hit the yak but do no damage.
The yak is heavily wounded.
You block the yak's attack.
You hit the yak.
The yak is heavily wounded.
The yak gores you!
* * * LOW HITPOINT WARNING * * *
Firing (i - inventory) No suitable missiles.
Press: ? - help, Shift-Dir - straight line, f/p - yak
Aim: a yak (heavily wounded, umbra)
Okay, then.
Things that are here:
a curare-tipped dart; a poisoned dart
e - a curare-tipped dart The yak gores you!
You die...

.........# ##..##........
.........# ##......######.
.........# ##..............
.........# ####.....#####....#
#........## ###........#.........
........>.###....#....(..#.......
........(...(....................
..............###.......##.......
...............Y@.......#........
..........(..##.(#...............
#.......#.##.###.................
##.....##(#..# ###...............
#########(..######.....#####.....
......#............##....####.##.
......#.......########........##.
..................# #####..#....
......###.........# #..........


You could see a yak.

Vanquished Creatures
  Pikel (D:8)
  3 centaur zombies (D:9)
  Joseph (D:8)
  3 centaur skeletons (D:9)
  A hellwing (D:8)
  A meliai zombie (D:9)
  A hippogriff (D:8)
  Sigmund (D:4)
  A wyvern (D:8)
  3 hogs (D:6)
  2 yaks
  A hungry ghost (D:8)
  A human (D:6)
  2 ice beasts
  4 orc warriors
  2 sky beasts
  2 black bears
  5 ogres
  A phantom (D:7)
  2 centaurs
  2 bullfrogs (D:6)
  A scorpion (D:8)
  A water moccasin skeleton (D:8)
  5 killer bees
  3 wights (D:6)
  3 howler monkeys
  3 crimson imps
  A quasit (D:8)
  5 orc priests
  A hound (D:8)
  2 bullfrog skeletons
  2 jellies
  7 orc wizards
  Ijyb (D:4)
  An iguana (D:4)
  5 worker ants
  2 worker ant zombies
  12 adders
  3 shadow imps (D:8)
  2 oozes
  An adder zombie (D:6)
  7 worms
  2 dart slugs
  6 leopard geckos
  38 orcs
  2 ball pythons
  8 bats
  5 giant cockroaches
  10 goblins
  7 hobgoblins
  16 jackals
  3 quokkas
  5 frilled lizards
  8 kobolds
  A quokka zombie (D:5)
  7 rats
226 creatures vanquished.

Vanquished Creatures (others)
  4 slaves (D:8)
  A worker ant zombie (D:8)
  6 plants (D:5)
  5 withered plants (D:9)
16 creatures vanquished.

Grand Total: 242 creatures vanquished

Notes
Turn   | Place    | Note
-------+----------+-------------------------------------------
     0 | D:1      | Erlindor the Vampire Assassin began the quest for the Orb.
     0 | D:1      | Reached XP level 1. HP: 16/16 MP: 1/1
    58 | D:1      | Reached skill level 2 in Fighting
   274 | D:1      | Reached XP level 2. HP: 22/22 MP: 2/2
   525 | D:1      | Reached XP level 3. HP: 27/28 MP: 3/3
  1004 | D:2      | Reached skill level 3 in Fighting
  1094 | D:2      | Reached XP level 4. HP: 35/35 MP: 4/4
  2397 | D:3      | Reached XP level 5. HP: 32/32 MP: 5/5
  2560 | D:3      | Noticed a +0 dagger
  2561 | D:3      | Found a hide-covered altar of Uskayaw.
  2561 | D:3      | Noticed a +0 dagger
  2830 | D:4      | Noticed Ijyb
  2831 | D:4      | Killed Ijyb
  2983 | D:4      | Reached skill level 4 in Fighting
  3059 | D:4      | Noticed Sigmund
  3061 | D:4      | Killed Sigmund
  3061 | D:4      | Reached XP level 6. HP: 30/39 MP: 6/6
  3792 | D:4      | Reached skill level 5 in Fighting
  3900 | D:5      | Entered Level 5 of the Dungeon
  3902 | D:5      | Reached XP level 7. HP: 50/50 MP: 7/7
  3935 | D:5      | Found a staircase to the Ecumenical Temple.
  3953 | D:5      | Got a smoking pewter ring
  3958 | Temple   | Entered the Ecumenical Temple
  3972 | Temple   | Became a worshipper of Dithmenos the Shadowed
  3996 | Temple   | Reached skill level 1 in Shields
  4079 | D:5      | Found the +8 orange crystal plate armour {Archmagi, Int+3
                  | Clar}
  4260 | D:5      | Identified the +6 scale mail "Javvel" {rF- Int+2 SInv}
  4287 | D:5      | Found a transporter.
  4287 | D:5      | Found a transporter.
  4423 | D:5      | Reached skill level 6 in Fighting
  4735 | D:6      | You fall into a shaft and drop 1 floor!
  5034 | D:6      | Reached skill level 1 in Armour
  5034 | D:6      | Reached XP level 8. HP: 15/57 MP: 8/8
  5216 | D:6      | Reached * piety under Dithmenos
  6229 | D:7      | Reached skill level 7 in Fighting
  7448 | D:6      | Reached XP level 9. HP: 52/64 MP: 9/9
  7629 | D:7      | Reached skill level 8 in Fighting
  8086 | D:8      | Identified the ring "Coareadd" {*Tele rPois Int-4 Dex+6
                  | Slay-2} (You found it on level 5 of the Dungeon)
  8127 | D:8      | Noticed Joseph
  8137 | D:8      | Noticed Pikel
  8157 | D:8      | Found Tasal's Weapon Boutique.
  8192 | D:8      | Killed Pikel
  8192 | D:8      | Reached skill level 5 in Short Blades
  8196 | D:8      | Killed Joseph
  8196 | D:8      | Reached skill level 9 in Fighting
  8204 | D:8      | Reached skill level 5 in Shields
  8233 | D:8      | Reached XP level 10. HP: 37/83 MP: 10/10
  9531 | D:8      | Reached ** piety under Dithmenos
  9789 | D:8      | Reached skill level 10 in Fighting
  9789 | D:8      | Reached skill level 5 in Armour
  9999 | D:9      | Found an ornate altar of the Wu Jian Council.
  9999 | D:9      | Found a shimmering blue altar of Sif Muna.
 10000 | D:9      | Found a basalt altar of Yredelemnul.
 11100 | D:9      | Noticed Gastronok
 11735 | D:10     | Entered Level 10 of the Dungeon
 12441 | D:9      | Reached XP level 11. HP: 44/73 MP: 11/11
 13002 | D:8      | Slain by a yak

Levels and vault maps discovered:
D:1:      scummos_arrival_simple_fountains, layout_rooms, hex_large
D:2:      layout_loops_ring, first_ration, minmay_misc_feat_roman,
          grunt_ministairs_15
D:3:      layout_loops_ring, dancing_weapons_uskayaw
D:4:      layout_loops_ring, minmay_liquid_box, uniq_ijyb, uniq_sigmund
D:5:      layout_rooms, minmay_temple_entry_sparse_star,
          gammafunk_ghost_gnarly_gnolls, lemuel_flamethrower_1
D:6:      layout_cave_pools, serial_co_window_serial, co_window_paths_b,
          co_window_paths_a, co_window_cross_1, co_window_corner_a,
          co_window_corner_a, co_window_corner_a, co_window_of_opportunity_a,
          co_window_paths_c, co_window_corner_b, co_window_unsneaky_path_a,
          co_window_paths_c, co_window_corner_ca, co_window_paths_e,
          glass_columns_b, grunt_ministairs_7
D:7:      layout_basic, grunt_livestock, minmay_misc_feat_five,
          minmay_misc_feat_enclosed
D:8:      layout_rooms, serial_shops, kennysheep_mini_moat, uniq_joseph,
          uniq_pikel
D:9:      cheibrodos_grave_circle, layout_basic, grunt_temple_overflow_open,
          david_orc_4, uniq_gastronok
D:10:     layout_loops_ring, grunt_lair_entry_orc_guard_hut,
          kennysheep_generic_room_15, uniq_erolcha, uniq_nergalle
Temple:   nicolae_temple_no_exploring_needed

Skill      XL: |  1  2  3  4  5  6  7  8  9 10 |
---------------+-------------------------------+-----
Fighting       | 2 3 4 5 6 7 9 10 | 10.9
Stealth        | 6 7 8 9 |  9.0
Dodging        | 2 3 4 |  4.0
Shields        | 2 3 5 |  5.0
Armour         | 1 2 4 5 |  5.8
Short Blades   | 4 5 6 |  6.6
Throwing       | |  1.5

Action                   |  1- 3 |  4- 6 |  7- 9 | 10-12 || total
-------------------------+-------+-------+-------+-------++-------
Melee: Dagger            |    93 |   170 |   540 |   558 ||  1361
       Bite              |    11 |    18 |    81 |    81 ||   191
       Spear             |       |       |     7 |   158 ||   165
Throw: Dart              |    30 |    54 |    92 |    55 ||   231
       Throwing net      |       |       |       |     1 ||     1
 Abil: Exsanguinate      |       |     3 |     2 |     2 ||     7
       Revivify          |       |     3 |     2 |     1 ||     6
Evoke: Wand              |       |       |     7 |     3 ||    10
  Use: Scroll            |       |     5 |    10 |     4 ||    19
       Potion            |       |       |     5 |     9 ||    14
 Stab: Sleeping          |     9 |    15 |    20 |     5 ||    49
       Distracted        |       |       |     2 |       ||     2
       Invisible         |       |       |       |     3 ||     3
Armor: Robe              |     5 |       |       |       ||     5
       Leather armour    |    21 |    33 |   103 |   163 ||   320
       Crystal plate arm |       |       |    72 |       ||    72
       Skin              |       |       |       |    24 ||    24
Dodge: Dodged            |    79 |    95 |   207 |   342 ||   723
Block: Shield            |       |       |   216 |   306 ||   522

Table legend:
 A = Non-vault XP
 B = Vault XP
 C = Vault XP percentage of total XP
 D = Non-vault monster count
 E = Vault monster count
 F = Vault count percentage of total count
                 A         B        C        D         E       F
            +---------+---------+-------+---------+---------+-------
      Total |    4810 |    6191 |  56.3 |     191 |      35 |  15.5
            +---------+---------+-------+---------+---------+-------
        D:1 |      49 |       0 |   0.0 |      28 |       0 |   0.0
        D:2 |      89 |       2 |   2.2 |      18 |       2 |  10.0
        D:3 |      82 |       0 |   0.0 |      27 |       0 |   0.0
        D:4 |     244 |     263 |  51.9 |      14 |       2 |  12.5
        D:5 |     480 |       0 |   0.0 |      21 |       0 |   0.0
        D:6 |     739 |     867 |  54.0 |      26 |       5 |  16.1
        D:7 |     741 |     199 |  21.2 |      16 |       1 |   5.9
        D:8 |    1761 |    1610 |  47.8 |      28 |       8 |  22.2
        D:9 |     497 |    3248 |  86.7 |      10 |      16 |  61.5
       D:10 |       4 |       2 |  33.3 |       2 |       1 |  33.3
     Temple |     124 |       0 |   0.0 |       1 |       0 |   0.0
            +---------+---------+-------+---------+---------+-------
